 Dungeon Crawl Stone Soup version 0.18-a0-1088-g34ef3a2 (webtiles) character file.

65 tof the Shield-Bearer (level 4, -7/36 HPs)
             Began as a Formicid Fighter on Jan 15, 2016.
             Mangled by an ogre
             ... wielding a cursed -2 giant club
              (20 damage)
             ... on level 2 of the Dungeon.
             The game lasted 00:03:23 (1756 turns).

tof the Shield-Bearer (Formicid Fighter)            Turns: 1756, Time: 00:03:23

Health: -7/36      AC:  9    Str: 20    XL:     4   Next: 35%
Magic:  4/4        EV:  6    Int:  8    God:
Gold:   47         SH:  9    Dex: 11    Spells: 0 memorised, 3 levels left

rFire  . . .     SeeInvis +     a - +0 war axe
rCold  . . .     Gourm    .     o - +0 chain mail
rNeg   . . .     Faith    .     c - +0 shield
rPois  .         Spirit   .     (helmet unavailable)
rElec  .         Dismiss  .     (no cloak)
rCorr  .         Reflect  .     (no gloves)
SustAt .         Harm     .     (no boots)
MR     .....                    (no amulet)
Stlth  ..........               (no ring)
                                (no ring)

@: not resistant to hostile enchantments, extremely unstealthy
A: permanent stasis, dig shafts and tunnels, four strong arms, antennae 3
a: Dig, Shaft Self


You were on level 2 of the Dungeon.
You were not hungry.

You visited 1 branch of the dungeon, and saw 2 of its levels.

You collected 47 gold pieces.

Inventory:

Hand Weapons
 a - a +0 war axe (weapon)
Armour
 b - a +0 scale mail
 c - a +0 shield (worn)
 o - a +0 chain mail (worn)
Scrolls
 e - a scroll of magic mapping {unknown}
 g - 4 scrolls of identify {unknown}
 h - a scroll of noise {unknown}
 j - 2 scrolls of fear {unknown}
 p - a scroll of recharging {unknown}
Potions
 d - a potion of might
 i - a potion of magic {unknown}
 m - a potion of curing {unknown}
Comestibles
 f - a bread ration
 k - 2 meat rations
 l - a beef jerky
 n - 2 chunks of flesh


   Skills:
 + Level 3.6 Fighting
 * Level 3.0 Axes
 + Level 3.4 Armour
 * Level 4.6 Shields


You had 3 spell levels left.
You didn't know any spells.

Dungeon Overview and Level Annotations

Branches:
Dungeon (2/15)

Altars:
Makhleb
Nemelex Xobeh
Xom
Yredelemnul


Innate Abilities, Weirdness & Mutations

You are under a permanent stasis effect.
You can dig through walls and to a lower floor.
Your four strong arms can wield two-handed weapons with a shield.
You have a pair of large antennae on your head (SInv).


Message History

You open the door.
There is an open door here.
An ogre comes into view. It is wielding a giant club.
The ogre shouts!
The ogre hits you but does no damage.
A goblin comes into view.
You barely miss the ogre.
The goblin shouts!
The ogre hits you with a giant club!
You slash the ogre!
The ogre is moderately wounded.
You block the ogre's attack.
Your shield and chain mail prevent you from hitting the ogre.
The ogre is moderately wounded.
The ogre hits you with a giant club!
Your chain mail prevents you from hitting the ogre.
The ogre is moderately wounded.
The ogre hits you with a giant club!!
Ouch! That really hurt!
You die...

#.......#
#.#.###.#
#.#.###.#
##########.#.#....
#............#.#.#
#.########.....#.#
#.# #.....#.# #.#
#.......# #@#
###.##### #O# #.#
#g# #.# #.# ##'##
... ##...## ...
##.....## ...
##.......## #....
#.........#
+....(....+


You could see an ogre and a goblin.

Vanquished Creatures
  An adder (D:2)
  2 oozes (D:1)
  An adder zombie (D:1)
  2 giant geckos (D:1)
  2 bats (D:1)
  3 giant cockroaches
  8 goblins
  6 hobgoblins
  A giant gecko zombie (D:1)
  3 giant newts
  6 kobolds
  6 rats
41 creatures vanquished.

Notes
Turn   | Place    | Note
--------------------------------------------------------------
     0 | D:1      | tof the Formicid Fighter began the quest for the Orb.
     0 | D:1      | Reached XP level 1. HP: 18/18 MP: 1/1
    50 | D:1      | Reached XP level 2. HP: 24/24 MP: 2/2
   116 | D:1      | HP: 1/24 [giant gecko (3)]
   117 | D:1      | Reached skill level 4 in Shields
   117 | D:1      | Reached XP level 3. HP: 1/29 MP: 3/3
  1193 | D:2      | Reached XP level 4. HP: 36/36 MP: 4/4
  1409 | D:2      | Found a burning altar of Makhleb.
  1413 | D:2      | Found a shimmering altar of Xom.
  1416 | D:2      | Found a basalt altar of Yredelemnul.
  1507 | D:2      | Found a sparkling altar of Nemelex Xobeh.
  1749 | D:2      | Noticed an ogre
  1756 | D:2      | Mangled by an ogre

Vault maps used:
D:1:      saegor_arrival_fortress, dk_noncrumbling_2
D:2:      minmay_overflow_temple_star_quad, nemelex_lonely_heart_becter

Action                   |  1- 3 |  4- 6 || total
-------------------------+-------+-------++-------
Melee: War axe           |   105 |    26 ||   131
  Eat: Chunk             |     1 |     2 ||     3
